 Dungeon Crawl Stone Soup version 0.18-a0-1390-gc02854d (webtiles) character file.

935 emikaela the Insei (level 7, 53/53 HPs)
             Began as a Vampire Transmuter on Aug 18, 2015.
             Was a Priest of Ru.
             Quit the game in an ossuary on Feb 22, 2016.
             The game lasted 00:33:48 (6611 turns).

emikaela the Insei (Vampire Transmuter)             Turns: 6611, Time: 00:33:48

Health: 53/53      AC:  6    Str:  9    XL:     7   Next: 87%
Magic:  10/10      EV: 14    Int: 15    God:    Ru [***...]
Gold:   148        SH:  0    Dex: 19    Spells: 2 memorised, 7 levels left

rFire  . . .     SeeInvis +       - Unarmed
rCold  . . .     Gourm    .     D - +2 leather armour {rPois}
rNeg   . . .     Faith    .     (shield unavailable)
rPois  +         Spirit   .     (no helmet)
rElec  .         Dismiss  .     d - +0 cloak
rCorr  .         Reflect  .     (no gloves)
SustAt .         Harm     .     (no boots)
MR     .....                    (no amulet)
Stlth  +++.......               g - +2 ring of dexterity
                                (ring unavailable)

@: regenerating quickly, not resistant to hostile enchantments, fairly stealthy
A: fangs 3, see invisible, unbreathing, missing a hand
a: Draw Out Power, Renounce Religion


You were in an ossuary.
You worshipped Ru.
Ru was most pleased with you.
You were very full.

You visited 1 branch of the dungeon, and saw 6 of its levels.
You also visited: Ossuary.

You collected 284 gold pieces.
You spent 136 gold pieces at shops.

Inventory:

Hand Weapons
 n - a +0 hunting sling
Missiles
 a - 120 arrows
 f - 171 stones (quivered)
 i - 13 bolts of flame
 k - 18 sling bullets
 l - 52 bolts
 y - 18 poisoned needles
 B - 8 arrows of frost
 C - 10 arrows of flame
Armour
 b - a +0 robe
 d - a +0 cloak (worn)
 D - a +2 leather armour of poison resistance (worn)
Jewellery
 g - a +2 ring of dexterity (right hand)
Wands
 I - a wand of flame (27/48)
Scrolls
 e - a scroll of remove curse
 h - 2 scrolls of teleportation
 j - a scroll of amnesia {unknown}
 r - 3 scrolls of identify
 s - a scroll of noise {unknown}
 t - a scroll of random uselessness {unknown}
 v - a scroll of magic mapping
 x - a scroll of fear {unknown}
 E - a scroll of enchant weapon {unknown}
 F - a scroll of blinking
 H - a scroll of immolation {unknown}
Potions
 o - a potion of might
 p - a potion of invisibility
 q - 7 potions of blood
 u - a potion of berserk rage
 w - 2 potions of lignification
 A - a potion of curing
 G - a potion of agility {unknown}
Books
 c - a book of Changes
 m - a book of Spatial Translocations
 z - a book of the Tempests


   Skills:
 + Level 3.7 Fighting
 + Level 3.8 Dodging
 - Level 5.0 Stealth
 * Level 7.9 Unarmed Combat
 - Level 2.0 Spellcasting
 - Level 2.1 Transmutations


You had 7 spell levels left.
You knew the following spells:

 Your Spells              Type           Power        Failure   Level  Hunger
a - Beastly Appendage     Trmt           #.....       14%         1    #......
b - Sticks to Snakes      Trmt           #.......     21%         2    ###....


Dungeon Overview and Level Annotations

Branches:
Dungeon (6/15)
 Temple: D:4-7

Altars:
Ashenzari
Kikubaaqudgha
Makhleb
Nemelex Xobeh
Okawaru
Ru
Sif Muna
Trog
Vehumet

Shops:
D:6 *


Innate Abilities, Weirdness & Mutations

Your natural rate of healing is unusually fast.
You have razor-sharp teeth.
You have supernaturally acute eyesight.
You can survive without breathing.
You are missing a hand.


Message History

You hit the goblin zombie but do no damage.
You claw the goblin zombie. You hit the goblin zombie.
Your kick misses the goblin zombie. The goblin zombie barely misses you.
You hit the goblin zombie. You claw the goblin zombie.
You destroy the goblin zombie!
No target in view!
No target in view!
No target in view!
Use which ability?
Okay, then.
Unknown command.
You open the door.
You found an arrow trap!
Your talons disappear.
Found 2 orange potions.
Saving game... please wait.
Welcome back, emikaela the Vampire Transmuter.
Ru says: Sacrifice that you might gain great power!
Press ? for a list of commands and other information.
Are you sure you want to abandon this character and quit the game? (Confirm with "yes".)

##### #############
..#...#...#...#...#
M.#...'@..8...#.∩.#
!!#.^.#.......#...#
####+ ##8...8###'##
#.......#...#
#...8...'.∩.#
#...#...#...#
#############


You could see a mummy.

Vanquished Creatures
  Eustachio (D:5)
  Duvessa (D:5)
  A phantom (D:4)
  2 ogres
  Dowan (D:5)
  A scorpion (D:5)
  A jelly (D:5)
  A hound (D:1)
  A giant frog skeleton (D:4)
  2 iguanas
  3 worker ants
  A mummy (D:6)
  3 adders
  3 oozes
  An adder zombie (D:5)
  A worm (D:6)
  8 giant geckos
  5 orcs
  3 ball pythons
  7 hobgoblins
  9 jackals
  5 quokkas
  7 bats
  5 giant cockroaches
  A giant cockroach zombie (D:5)
  A giant gecko skeleton (D:6)
  7 giant newts
  14 goblins
  2 goblin zombies (Ossuary)
  A hobgoblin zombie (Ossuary)
  7 kobolds
  10 rats
116 creatures vanquished.

Notes
Turn   | Place    | Note
--------------------------------------------------------------
     0 | D:1      | emikaela the Vampire Transmuter began the quest for the Orb.
     0 | D:1      | Reached XP level 1. HP: 14/14 MP: 3/3
   365 | D:1      | Reached XP level 2. HP: 17/20 MP: 3/5
   368 | D:1      | Reached skill level 4 in Unarmed Combat
   708 | D:1      | Reached XP level 3. HP: 25/25 MP: 4/6
   713 | D:1      | Learned a level 2 spell: Sticks to Snakes
   883 | D:1      | Reached skill level 1 in Fighting
  1038 | D:1      | Reached skill level 1 in Stealth
  1159 | D:1      | Reached skill level 5 in Unarmed Combat
  1319 | D:1      | Reached XP level 4. HP: 32/32 MP: 7/7
  1593 | D:2      | Found a shattered altar of Ashenzari.
  1953 | D:2      | Found an iron altar of Okawaru.
  2422 | D:2      | Found a sacrificial altar of Ru.
  2472 | D:2      | Became a worshipper of Ru the Awakened
  2631 | D:3      | Found a radiant altar of Vehumet.
  2726 | D:3      | Found a bloodstained altar of Trog.
  2737 | D:3      | Found a burning altar of Makhleb.
  2981 | D:3      | Reached XP level 5. HP: 31/38 MP: 8/8
  3582 | D:3      | Upgraded the game from 0.17-a0-1667-g4ca74a1 to 0.17-a0-1691-g18a3847
  3972 | D:4      | Found a sparkling altar of Nemelex Xobeh.
  4064 | D:4      | Noticed a phantom
  4114 | D:4      | Killed a phantom
  4114 | D:4      | Reached skill level 6 in Unarmed Combat
  4114 | D:4      | Reached XP level 6. HP: 11/46 MP: 7/9
  4378 | D:4      | Upgraded the game from 0.17-a0-1691-g18a3847 to 0.17-a0-1778-gd369669
  4378 | D:4      | Gained mutation: You are missing a hand. [Ru sacrifice]
  4378 | D:4      | Reached piety under Ru
  4378 | D:4      | Reached * piety under Ru
  4378 | D:4      | Reached ** piety under Ru
  4537 | D:4      | Noticed an ogre
  4549 | D:4      | Killed an ogre
  4645 | D:4      | Found a deep blue altar of Sif Muna.
  5094 | D:5      | Entered Level 5 of the Dungeon
  5243 | D:5      | Found an ancient bone altar of Kikubaaqudgha.
  5421 | D:5      | Noticed Eustachio
  5449 | D:5      | HP: 3/70 [ufetubus[Eustachio] (3)]
  5458 | D:5      | Killed Eustachio
  5458 | D:5      | Reached skill level 7 in Unarmed Combat
  5458 | D:5      | Reached XP level 7. HP: 6/52 MP: 10/10
  5733 | D:5      | Noticed Duvessa
  5733 | D:5      | Noticed Dowan
  5756 | D:5      | Killed Duvessa
  5756 | D:5      | Reached skill level 5 in Stealth
  5762 | D:5      | Killed Dowan
  6502 | D:6      | Found Elaupra's Assorted Antiques.
  6507 | D:6      | Bought a scroll labeled DASHIG RIECKIMM for 35 gold pieces
  6507 | D:6      | Bought an orange potion for 31 gold pieces
  6507 | D:6      | Bought a scroll labeled KEMMEXK EPRUF for 35 gold pieces
  6507 | D:6      | Bought a scroll labeled DASHIG RIECKIMM for 35 gold pieces
  6574 | D:6      | Found a sand-covered staircase.
  6584 | Ossuary  | Entered an ossuary
  6585 | Ossuary  | Upgraded the game from 0.17-a0-1778-gd369669 to 0.17-a0-1880-gacf7e67
  6611 | Ossuary  | Upgraded the game from 0.17-a0-1880-gacf7e67 to 0.18-a0-1390-gc02854d
  6611 | Ossuary  | Quit the game

Vault maps used:
D:1:      dpeg_arrival_water_altar
D:2:      okawaru_ov_weapons_minmay, old_standard_altar, serial_corexii_hall,
          corexii_hall_statues_l, corexii_hall_statues_x,
          corexii_hall_statues_l, nicolae_ru_path_of_blood
D:3:      lemuel_crystal_altar, grunt_temple_overflow_open
D:4:      led_sif_pool, nemelex_xobeh_ov_fountains_minmay, first_bread
D:5:      kiku_gazebo_pond_becter, uniq_duvessa, uniq_eustachio
D:6:      kennysheep_mini_moat, minmay_temple_entry_glassed_door, basic_altar,
          serial_shops, kennysheep_little_box, nicolae_ossuary_entry_giza
Ossuary:  ossuary_minmay_scorpions

Skill      XL: |  1  2  3  4  5  6  7 |
---------------+----------------------+-----
Unarmed Combat | 4 5 6 7 |  7.9
Fighting       | 1 |  3.7
Stealth        | 1 5 |  5.0
Dodging        | |  3.8
Spellcasting   | |  2.0
Transmutations | |  2.1

Action                   |  1- 3 |  4- 6 |  7- 9 || total
-------------------------+-------+-------+-------++-------
Melee: Unarmed           |    86 |   256 |    95 ||   437
 Cast: Beastly Appendage |    14 |    21 |    15 ||    50
Invok: Draw Out Power    |       |     1 |     1 ||     2
       Sacrifice a Hand  |       |     1 |       ||     1
  Use: Potion            |     8 |    18 |     4 ||    30
       Scroll            |       |       |     8 ||     8
 Stab: Sleeping          |     2 |    11 |     4 ||    17
       Invisible         |       |     2 |     2 ||     4
       Distracted        |       |     1 |     1 ||     2
  Eat: Corpse            |     2 |    10 |       ||    12
